 Dungeon Crawl Stone Soup version 0.30.1-4-g462c640d31 (webtiles) character file.

Game seed: 1162298597394852202

307688 Amplified the Slayer (level 20, -9/218 (220) HPs)
             Began as a Minotaur Hedge Wizard on Sept 15, 2023.
             Was a High Priest of the Shining One.
             Mangled by a reaper
             ... wielding a +0 scythe of protection
             ... summoned by a dread lich
              (25 damage)
             ... while paralysed by a dread lich
             ... on level 4 of the Abyss on Sept 16, 2023.
             The game lasted 01:08:47 (44011 turns).

Amplified the Slayer (Minotaur Hedge Wizard)       Turns: 44011, Time: 01:08:48

HP:   -9/218 (220)  AC: 21    Str: 23    XL:     20   Next: 33%
MP:   21/41         EV:  2    Int: 17    God:    the Shining One [*****.]
Gold: 979           SH:  0    Dex: 17    Spells: 17/23 levels left

rFire   . . .        G - +6 sacred scourge (holy)
rCold   + + .        H - +1 kite shield {reflect}
rNeg    + + .        x - +3 swamp dragon scales
rPois   +            e - +2 hat
rElec   .            f - +1 cloak of the Shining Light {Drain MP+9 Str+4 Slay+2}
rCorr   .            N - +1 pair of gloves {Str+3}
SInv    +            E - +0 pair of boots
Will    +....        D - amulet of reflection
Stlth   +            r - ring "Xietyfia" {Fly Slay+4}
HPRegen 0.56/turn    S - ring of Light {Wiz rC+ Int+2 Dex+3 SInv}
MPRegen 0.27/turn

%: reflection, wizardry (x1)
@: paralysed, agile, flying, hasted and slowed, studying Polearms, lightly
drained
A: horns 2, retaliatory headbutt, talons 2, cold resistance 1, deformed body,
robust 1, MP-powered wands
}: 2/15 runes: decaying, serpentine
a: Renounce Religion, Divine Shield, Cleansing Flame, Summon Divine Warrior


You were on level 4 of the Abyss.
You worshipped the Shining One.
The Shining One was extremely pleased with you.
You visited 8 branches of the dungeon, and saw 36 of its levels.
You visited the Abyss 1 time.
You visited 1 bazaar.
You also visited: Bailey, Gauntlet, Ice Cave and Wizlab.

You collected 5083 gold pieces.
You spent 4104 gold pieces at shops.

Inventory:

Hand Weapons
 G - a +6 sacred scourge of holy wrath (weapon)
Missiles
 C - 2 throwing nets
 K - 32 poisoned darts
 O - 10 curare-tipped darts (quivered)
Armour
 e - a +2 hat (worn)
 f - the +1 cloak of the Shining Light (worn) {Drain MP+9 Str+4 Slay+2}
   (You bought it in a shop in a bazaar)

   Str:       It affects your strength (+4).
   Slay:      It affects your accuracy & damage with ranged weapons and melee
   (+2).
   MP:        It affects your magic capacity (+9).
   Drain:     It drains your maximum health when unequipped.
 u - the +0 ring mail of Cuankoishro {*Corrode Fly rF+ Int+4}
   (You found it on level 4 of the Dungeon)

   Int:       It affects your intelligence (+4).
   rF:        It protects you from fire.
   Fly:       It grants you flight.
   *Corrode:  It may corrode you when you take damage.
 x - +3 swamp dragon scales (worn)
 z - the +14 plate armour "Wewnemmua" {-Tele Will+ Str-2 Dex+7}
   (You found it on level 2 of the Vaults)

   Str:       It affects your strength (-2).
   Dex:       It affects your dexterity (+7).
   -Tele:     It prevents most forms of teleportation.
   Will:      It increases your willpower.
 B - the +0 kite shield of the Maze {rF+}
   (You bought it in a shop in a bazaar)

   rF:        It protects you from fire.
 E - a +0 pair of boots (worn)
 H - a +1 kite shield of reflection (worn)
 N - a +1 pair of gloves of strength (worn)
 U - the +5 scale mail of the Gloaming {rN+ MP+9}
   (You found it on level 3 of the Elven Halls)

   rN:        It protects you from negative energy.
   MP:        It affects your magic capacity (+9).
Jewellery
 m - the ring "Vuafyith" {*Corrode rElec Str+3 Slay+4}
   (You acquired it on level 1 of the Swamp)

   [ring of slaying]

   Str:       It affects your strength (+3).
   Slay:      It affects your accuracy & damage with ranged weapons and melee
   (+4).
   rElec:     It insulates you from electricity.
   *Corrode:  It may corrode you when you take damage.
 o - the ring of Xom's Full Attention {rN++ rCorr Str-2 Int+5}
   (You bought it in a shop on level 4 of the Snake Pit)

   [ring of resist corrosion]

   Str:       It affects your strength (-2).
   Int:       It affects your intelligence (+5).
   rN:        It greatly protects you from negative energy.
   rCorr:     It protects you from acid and corrosion.
 r - the ring "Xietyfia" (left hand) {Fly Slay+4}
   (You bought it in a shop on level 6 of the Dungeon)

   [ring of slaying]

   Slay:      It affects your accuracy & damage with ranged weapons and melee
   (+4).
   Fly:       It grants you flight.
 D - an amulet of reflection (around neck)
 S - the ring of Light (right hand) {Wiz rC+ Int+2 Dex+3 SInv}
   (You found it in a Gauntlet)

   [ring of wizardry]

   It improves your spell success rate.
   Int:       It affects your intelligence (+2).
   Dex:       It affects your dexterity (+3).
   rC:        It protects you from cold.
   SInv:      It lets you see invisible.
Wands
 b - a wand of digging (5)
 i - a wand of mindburst (27)
 k - a wand of acid (13)
 y - a wand of paralysis (23)
 A - a wand of flame (48)
 F - a wand of polymorph (4)
 P - a wand of roots (40)
Scrolls
 a - a scroll of fog
 p - 15 scrolls of teleportation
 q - a scroll of brand weapon
 s - 3 scrolls of amnesia
 I - a scroll of blinking
 M - 6 scrolls of poison
 R - 2 scrolls of silence
 Y - 21 scrolls of identify
Potions
 c - 9 potions of attraction
 d - a potion of magic
 g - 4 potions of resistance
 h - 7 potions of brilliance
 j - 18 potions of curing
 l - 4 potions of invisibility
 n - 10 potions of flight
 t - 2 potions of heal wounds
 v - a potion of lignification
 J - 3 potions of cancellation
 Q - 2 potions of mutation
 V - 2 potions of berserk rage
Miscellaneous
 W - a phantom mirror
 X - a phial of floods


   Skills:
 * Level 22.0 Fighting
 - Level 1.1(9.2) Axes
 - Level 14.2 Maces & Flails
 * Level 17.7 Armour
 * Level 13.5 Dodging
 - Level 1.5 Stealth
 - Level 16.0 Shields
 - Level 2.1 Spellcasting
 - Level 10.1 Conjurations
 - Level 0.6 Summonings
 - Level 0.6 Translocations
 * Level 18.5 Invocations


You had 17 spell levels left.
You knew the following spells:

 Your Spells              Type           Power      Damage    Failure   Level
a - Magic Dart            Conj           100%       1d8       1%          1
b - Slow                  Hex            4%         N/A       16%         1
c - Lesser Beckoning      Tloc           6%         N/A       17%         2
d - Passwall              Tmut/Erth      0%         N/A       22%         2

Your spell library contained the following spells:

 Spells                   Type           Power      Damage    Failure   Level
 Foxfire                  Conj/Fire      76%        2x1d7     1%          1
 Kiss of Death            Conj/Necr      76%        2d11      1%          1
 Momentum Strike          Conj/Tloc      40%        3d9       2%          2
 Mephitic Cloud           Conj/Pois/Air  13%        N/A       11%         3
 Summon Small Mammal      Summ           12%        N/A       12%         1
 Blink                    Tloc           6%         N/A       17%         2
 Call Imp                 Summ           6%         N/A       17%         2
 Cigotuvi's Dreadful Rot  Necr/Pois/Air  2%         N/A       22%         2
 Ensorcelled Hibernation  Hex/Ice        2%         N/A       22%         2
 Sublimation of Blood     Necr           1%         N/A       22%         2
 Call Canine Familiar     Summ           3%         N/A       32%         3
 Teleport Other           Tloc           3%         N/A       32%         3
 Portal Projectile        Hex/Tloc       4%         N/A       34%         3
 Ozocubu's Armour         Ice            1%         N/A       38%         3
 Spider Form              Tmut/Pois      1%         N/A       38%         3
 Swiftness                Air            1%         N/A       38%         3
 Tukima's Dance           Hex            1%         N/A       38%         3
 Irradiate                Conj/Tmut      9%         3d14      43%         5
 Manifold Assault         Tloc           3%         N/A       71%         4
 Passage of Golubria      Tloc           3%         N/A       71%         4
 Animate Armour           Summ/Erth      4%         N/A       75%         4
 Anguish                  Hex/Necr       0%         N/A       78%         4
 Cause Fear               Hex            0%         N/A       78%         4
 Leda's Liquefaction      Hex/Erth       0%         N/A       78%         4
 Olgreb's Toxic Radiance  Pois           1%         N/A       78%         4
 Petrify                  Tmut/Erth      1%         N/A       78%         4
 Summon Forest            Summ/Tloc      1%         N/A       95%         5
 Blade Hands              Tmut           0%         N/A       98%         5
 Lee's Rapid Deconstruct  Erth           0%         3d4*      98%         5
 Yara's Violent Unravell  Hex/Tmut       0%         3d3       98%         5
 Statue Form              Tmut/Erth      0%         N/A       100%        6
 Dragon Form              Tmut           0%         N/A       100%        7
 Spellforged Servitor     Conj/Summ      10%        N/A       100%        7
 Storm Form               Tmut/Air       0%         N/A       100%        7
 Discord                  Hex            0%         N/A       100%        8
 Ignition                 Fire           0%         3d3       100%        8
 Dragon's Call            Summ           1%         N/A       100%        9


Dungeon Overview and Level Annotations

Branches:
Dungeon (15/15)            Temple (1/1) D:6            Lair (5/5) D:11
  Swamp (4/4) Lair:2        Snake (4/4) Lair:3        Slime (0/5) Lair:5
    Orc (2/2) D:10            Elf (3/3) Orc:2        Vaults (2/5) D:14
 Depths (0/4) D:15         Bailey (visited)           IceCv (visited)
 WizLab (visited)         Gauntlet (visited)
  Crypt: Vaults:2-3

Altars:
Ashenzari
Cheibriados
Dithmenos
Elyvilon
Fedhas
Gozag
Hepliaklqana
Kikubaaqudgha
Makhleb
Nemelex Xobeh
Okawaru
Qazlal
Ru
Sif Muna
Trog
Uskayaw
Vehumet
Wu Jian
Xom
Yredelemnul
Zin
The Shining One
Jiyva

Shops:
D:6 =   D:11 !!!?   D:13 *   D:15 [   Orc:2 ((=[   Elf:1 (   Elf:2 ?   Elf:3 :
Snake:2 [(**   Snake:4 :=:(

Annotations:
Snake:4 Spellbooks?
Elf:2 3 runed translucent doors


Innate Abilities, Weirdness & Mutations

You have a pair of horns on your head.
You reflexively headbutt those who attack you in melee.
You have razor-sharp toenails.
Your flesh is cold resistant. (rC+)
Armour fits poorly on your strangely shaped body.
You are robust. (+10% HP)
You expend magic power (3 MP) to strengthen your wands.


Message History

You hit the dread lich but do no damage.
Your headbutt misses the dread lich.
The dread lich is moderately damaged.
The dread lich points at you and mumbles some strange words.
You suddenly lose the ability to move!
The profane servitor hits you with a +1 whip.
The profane servitor hits you but does no damage.
The dread lich completely misses you.
The profane servitor hits you with a +1 whip!!
The profane servitor draws strength from your injuries!
The profane servitor hits you but does no damage.
The reaper hits you from afar with a +0 scythe of protection!!
The smoke demon is engulfed in seething chaos.
The smoke demon gestures at you. The ball of steam misses you.
The dread lich touches you! You partially resist.
You feel drained.
The profane servitor hits you with a +1 whip!
* * * LOW HITPOINT WARNING * * *
The profane servitor draws strength from your injuries!
The profane servitor hits you but does no damage.
You are engulfed in a cloud of scalding steam.
* * * LOW HITPOINT WARNING * * *
The reaper hits you but does no damage.
The dread lich touches you but does no damage.
The profane servitor is engulfed in seething chaos.
The profane servitor seems to speed up.
The profane servitor hits you with a +1 whip!!
* * * LOW HITPOINT WARNING * * *
The profane servitor draws strength from your injuries!
The profane servitor hits you with a +1 whip!
* * * LOW HITPOINT WARNING * * *
The smoke demon hits you but does no damage. x3
You hear a faint skittering sound.
You are engulfed in a cloud of scalding steam.
The profane servitor hits you with a +1 whip.
* * * LOW HITPOINT WARNING * * *
The profane servitor hits you but does no damage.
The dread lich touches you but does no damage.
The reaper hits you from afar with a +0 scythe of protection!!
You die...

. #. .# .
#....#.##.#.
#...#..#..
#⌠⌠.∩...#
##''#...
##...'⌠#
##...4'⌠####
##..§3A# . .#
#[.4§@##....#
#...LL### .##
... #....2# #
.. . #.#L.#
.#.## # ''..#
# .. . ''## .
.#. . ... .
φ## ... # . .
#. . . .. .


You could see a profane servitor (fast, strong), a dread lich (fast), 2 liches,
a reaper (summoned), a smoke demon and 2 chaos spawn.

Vanquished Creatures
  Saint Roka (Snake:3)
  A Hellbinder (WizLab)
  Jorgrun (Snake:2)
  3 liches (Abyss:4)
  A deep elf blademaster (Elf:3)
  Frances (Snake:2)
  A tentacled starspawn (Abyss:4)
  Agnes (Snake:2)
  Roxanne (Elf:3)
  A thorn hunter (Swamp:4)
  Donald (Swamp:1)
  4 nagarajas (Snake:4)
  3 deep elf sorcerers
  3 fenstrider witches (Swamp:4)
  The ghost of Elinuc the Eclecticist, an adept DEHW of Sif Muna (Snake:3)
  2 vault wardens (Vaults:1)
  Louise (Snake:2)
  Aizul (Swamp:4)
  2 orc warlords
  3 cacodemons (WizLab)
  A ghoul (Swamp:4)
  7 ironbound preservers
  A war gargoyle (Vaults:2)
  An ironbound thunderhulk (Vaults:2)
  6 very ugly things
  4 eleionomae
  A stone giant (Vaults:2)
  A minotaur (Gauntlet)
  A deep elf demonologist (Abyss:3)
  A demonspawn black sun (WizLab)
  9 dire elephants
  4 bunyips
  2 deep elf annihilators (Elf:3)
  3 blizzard demons
  3 green deaths
  A crystal guardian (Vaults:2)
  A deep elf death mage (Elf:1)
  2 fire dragons
  3 yaktaur captains
  A deep elf high priest (Elf:3)
  A shambling mangrove (Swamp:2)
  2 great orbs of eyes (Vaults:2)
  2 salamander tyrants (Snake:4)
  2 ice dragons
  A peacekeeper (Vaults:2)
  15 hydras
  3 ghost crabs
  6 anacondas
  6 ironbound frosthearts
  A spriggan air mage (Swamp:3)
  6 ogre magi
  A catoblepas (Lair:4)
  8 centaur warriors
  8 two-headed ogres
  6 boulder beetles
  10 alligators
  2 death knights
  A tengu warrior (D:14)
  13 naga warriors
  8 orc high priests (Orc:2)
  A hell hog (Gauntlet)
  20 death yaks
  24 dancing weapons
  3 naga sharpshooters
  A vampire mage (Swamp:3)
  2 soul eaters
  4 shock serpents (Snake:3)
  9 deep elf knights
  A salamander mystic (Snake:4)
  Amaemon (D:10)
  2 skysharks (Lair:5)
  A sun demon (WizLab)
  A wretched star (Abyss:4)
  2 sixfirhies
  8 skeletal warriors
  4 spectral death yaks (Lair:5)
  7 goliath frogs
  A death drake (Gauntlet)
  A spriggan druid (Swamp:4)
  A spectral anaconda (Lair:5)
  7 deep trolls
  10 spriggan simulacra (IceCv)
  6 naga ritualists
  2 swamp dragons (Swamp:4)
  2 large abominations
  8 bog bodies
  2 shadow demons (WizLab)
  2 obsidian statues
  6 lindwurms
  10 ironbound convokers
  A lindwurm (shapeshifter) (D:14)
  An orc knight (Bailey)
  5 wizards
  10 deep elf archers
  A wolf spider zombie (Gauntlet)
  23 deep elf pyromancers
  20 deep elf zephyrmancers
  6 necromancers
  13 mana vipers
  7 cyclopes
  2 moths of wrath (Snake:3)
  3 orc sorcerers
  18 ugly things
  4 will-o-the-wisps
  5 manticores
  A spectral centaur (Gauntlet)
  6 salamanders
  A worldbinder (Abyss:4)
  9 slime creatures
  26 black mambas
  9 naga magi
  18 elephants
  3 rust devils (WizLab)
  6 vault sentinels
  2 smoke demons
  Maggie (D:6)
  7 orange demons
  A minotaur zombie (Gauntlet)
  3 rime drakes
  9 cane toads
  2 torpor snails
  2 kobold demonologists
  2 hellions (WizLab)
  7 komodo dragons
  A yaktaur zombie (Vaults:1)
  An efreet (D:14)
  3 freezing wraiths
  3 yaktaurs (Vaults:2)
  12 ice devils (IceCv)
  3 spriggan skeletons (Swamp:2)
  A golden dragon simulacrum (IceCv)
  2 human skeletons
  2 tengu conjurers (D:14)
  A meliai (shapeshifter) (D:12)
  3 red devils
  13 trolls
  A polar bear (Lair:5)
  A bloated husk (Swamp:3)
  7 hellwings
  A polar bear (shapeshifter) (Abyss:4)
  14 tyrant leeches
  13 hornets
  9 dream sheep (Lair:5)
  A tarantella (shapeshifter) (D:13)
  29 blink frogs
  Grinder (D:6)
  A wind drake (shapeshifter) (Abyss:4)
  A spectral elephant (Lair:5)
  A slime creature (shapeshifter) (D:15)
  4 small abominations
  10 spriggans
  A centaur simulacrum (D:12)
  A shadow (D:11)
  3 water elementals
  An elf skeleton (Vaults:2)
  3 wraiths
  3 ynoxinuls
  3 dire elephant simulacra (IceCv)
  4 air elementals
  A vampire (D:12)
  A fire elemental (Elf:1)
  6 fire bats
  5 wyverns
  45 yaks
  4 basilisks
  6 vampire mosquitoes
  3 minotaur simulacra (IceCv)
  6 chaos spawn
  3 neqoxecs
  Edmund (D:6)
  An elf simulacrum (Vaults:1)
  A spectral cane toad (Lair:5)
  4 acid dragons
  3 harpy simulacra (IceCv)
  10 wargs
  Menkaure (D:6)
  16 swamp worms
  46 nagas
  2 hell hounds (Gauntlet)
  15 water moccasins
  4 hydra simulacra (IceCv)
  An ice beast (D:7)
  2 human zombies
  22 orc warriors
  4 black bears
  3 swamp drakes
  3 elephant zombies (Lair:5)
  2 sky beasts (D:7)
  11 ogres
  6 wolves
  2 boggarts
  A tengu (Abyss:4)
  3 alligator simulacra (IceCv)
  9 centaurs
  A phantom (D:4)
  A centaur (shapeshifter) (Elf:1)
  8 kobold brigands
  A gnoll sergeant (D:12)
  7 bullfrogs
  11 deep troll simulacra (IceCv)
  2 earth elementals
  4 scorpions
  A cane toad simulacrum (Lair:5)
  17 wights
  2 elephant simulacra (Lair:5)
  9 killer bees
  4 electric eels
  3 howler monkeys
  3 crimson imps (Gauntlet)
  5 jellies (Lair:5)
  A quasit (D:6)
  A gnoll bouda (D:9)
  28 orc priests
  6 hounds
  6 iguanas
  2 sleepcaps
  Ijyb (D:5)
  15 orc wizards
  15 gnolls
  9 adders
  A shadow imp (Abyss:3)
  9 white imps
  3 ufetubi
  A worm (D:2)
  4 dart slugs
  76 orcs
  5 ball pythons
  5 bats
  4 endoplasms
  8 giant cockroaches
  15 goblins
  10 hobgoblins
  3 jackals (D:1)
  23 kobolds
  7 quokkas
  3 frilled lizards (D:2)
  6 rats
  A butterfly (D:6)
1329 creatures vanquished.

Vanquished Creatures (others)
  A wizard (Swamp:4)
  A naga mage (Snake:4)
  A bloated husk (Swamp:1)
  2 water elementals (Elf:1)
  An orc (Orc:1)
  16 foxfires
22 creatures vanquished.

Grand Total: 1351 creatures vanquished

Notes
Turn   | Place    | Note
-------+----------+-------------------------------------------
     0 | D:1      | Amplified the Minotaur Hedge Wizard began the quest for the
                  | Orb.
     0 | D:1      | Reached XP level 1. HP: 14/14 MP: 2/2
   103 | D:1      | Reached skill level 1 in Fighting
   262 | D:1      | Gained mutation: You occasionally lose the ability to drink
                  | potions when taking damage. [potion of mutation]
   262 | D:1      | Gained mutation: You are somewhat resistant to further
                  | mutation. [potion of mutation]
   285 | D:1      | Reached skill level 2 in Fighting
   395 | D:1      | Lost mutation: You are somewhat resistant to further
                  | mutation. [potion of mutation]
   395 | D:1      | Lost mutation: You occasionally lose the ability to drink
                  | potions when taking damage. [potion of mutation]
   395 | D:1      | Gained mutation: You have a pair of large horns on your
                  | head. [potion of mutation]
   395 | D:1      | Gained mutation: Armour fits poorly on your strangely
                  | shaped body. [potion of mutation]
   395 | D:1      | Gained mutation: You have large cloven feet. [potion of
                  | mutation]
   396 | D:1      | Lost mutation: Armour fits poorly on your strangely shaped
                  | body. [potion of mutation]
   396 | D:1      | Lost mutation: You have large cloven feet. [potion of
                  | mutation]
   396 | D:1      | Gained mutation: You sometimes lose your temper in combat.
                  | [potion of mutation]
   396 | D:1      | Gained mutation: Armour fits poorly on your strangely
                  | shaped body. [potion of mutation]
   401 | D:1      | Reached XP level 2. HP: 21/24 MP: 4/4
   675 | D:1      | Reached skill level 3 in Fighting
   885 | D:1      | Reached XP level 3. HP: 27/31 MP: 5/5
   891 | D:1      | Learned a level 1 spell: Slow
  1052 | D:1      | Found a faded altar of an unknown god.
  1104 | D:1      | Prayed at the altar of an unknown god.
  1104 | D:1      | Became a worshipper of the Shining One
  1104 | D:1      | Reached * piety under the Shining One
  1779 | D:2      | Reached skill level 1 in Axes
  1810 | D:2      | Reached skill level 1 in Armour
  1890 | D:2      | Found a bloodstained altar of Trog.
  1908 | D:2      | Reached XP level 4. HP: 19/40 MP: 6/6
  2244 | D:2      | Identified a scroll of acquirement
  2360 | D:3      | Reached skill level 4 in Fighting
  2809 | D:4      | Identified the +0 ring mail of Cuankoishro {*Corrode Fly
                  | rF+ Int+4}
  2817 | D:4      | Reached skill level 1 in Maces & Flails
  2817 | D:4      | Reached skill level 1 in Invocations
  2820 | D:4      | Reached XP level 5. HP: 16/46 MP: 7/7
  2945 | D:4      | Noticed a phantom
  2945 | D:4      | Reached ** piety under the Shining One
  2958 | D:4      | Killed a phantom
  3198 | D:4      | Reached XP level 6. HP: 53/53 MP: 8/8
  3389 | D:4      | Reached skill level 5 in Fighting
  3445 | D:5      | Entered Level 5 of the Dungeon
  3619 | D:5      | Reached XP level 7. HP: 27/61 MP: 9/9
  3914 | D:5      | Noticed Ijyb
  3915 | D:5      | Killed Ijyb
  4206 | D:5      | Reached skill level 6 in Fighting
  4579 | D:6      | Found a staircase to the Ecumenical Temple.
  4588 | D:6      | Reached skill level 5 in Armour
  4590 | D:6      | Reached XP level 8. HP: 71/71 MP: 10/10
  4592 | Temple   | Entered the Ecumenical Temple
  4766 | D:6      | Reached skill level 5 in Maces & Flails
  4777 | D:6      | Noticed Grinder
  4780 | D:6      | Paralysed by Grinder for 4 turns
  4787 | D:6      | Killed Grinder
  5094 | D:6      | Reached skill level 7 in Fighting
  5290 | D:6      | Noticed Maggie
  5305 | D:6      | Killed Maggie
  5306 | D:6      | Reached skill level 5 in Invocations
  5407 | D:6      | Noticed Edmund
  5412 | D:6      | Killed Edmund
  5782 | D:6      | Reached XP level 9. HP: 78/80 MP: 11/11
  5854 | D:6      | Noticed Menkaure
  5890 | D:6      | Killed Menkaure
  5912 | D:6      | Found Nufi's Jewellery Shop.
  5925 | D:6      | Reached skill level 8 in Fighting
  5929 | D:6      | Acquired 874 gold pieces
  5931 | D:6      | Bought the ring "Xietyfia" {Fly Slay+4} for 958 gold pieces
  6309 | D:7      | Got An Initiation into the Power of Words
  6367 | D:7      | Reached *** piety under the Shining One
  7372 | D:8      | Reached skill level 9 in Fighting
  7880 | D:8      | Reached XP level 10. HP: 79/90 MP: 14/14
  7915 | D:8      | Reached **** piety under the Shining One
  8273 | D:9      | Noticed a manticore
  8596 | D:6      | Bought an amulet of reflection for 330 gold pieces
  8951 | D:10     | Entered Level 10 of the Dungeon
  8962 | D:10     | Found a broken altar of Ashenzari.
  8962 | D:10     | Found a glowing golden altar of the Shining One.
  8964 | D:10     | Found a shimmering blue altar of Sif Muna.
  8964 | D:10     | Found a burning altar of Makhleb.
  8964 | D:10     | Found a sparkling altar of Nemelex Xobeh.
  8964 | D:10     | Found a shadowy altar of Dithmenos.
  8965 | D:10     | Found a sacrificial altar of Ru.
  8965 | D:10     | Found an ornate altar of the Wu Jian Council.
  8981 | D:10     | Noticed Amaemon
  8995 | D:10     | Killed Amaemon
  8996 | D:10     | Noticed an orange demon
  8999 | D:10     | Killed an orange demon
  9064 | D:10     | Found a staircase to the Orcish Mines.
  9083 | D:10     | Noticed a centaur warrior
  9089 | D:10     | Killed a centaur warrior
  9090 | D:10     | Reached skill level 10 in Fighting
  9175 | D:10     | Noticed a two-headed ogre
  9183 | D:10     | Killed a two-headed ogre
  9222 | D:10     | Found a flagged portal.
  9231 | Bailey   | Entered a bailey
  9344 | Bailey   | Noticed an orc knight
  9348 | Bailey   | Reached XP level 11. HP: 101/101 MP: 16/16
  9352 | Bailey   | Killed an orc knight
  9353 | Bailey   | Reached skill level 10 in Armour
  9355 | Bailey   | Identified the +7 whip "Ohie" {heavy, *Noise rElec Will+++
                  | Int+3}
  9365 | Bailey   | Reached skill level 10 in Maces & Flails
  9432 | Bailey   | Found a burning altar of Makhleb.
  9700 | D:11     | Reached skill level 11 in Fighting
  9904 | D:11     | Found Mekuhopt's Magic Scroll Boutique.
  9908 | D:11     | Bought a scroll of teleportation for 39 gold pieces
  9971 | D:11     | Found Juquiry's Distillery.
  9972 | D:11     | You are sucked into a shaft and drop 2 floors!
 10702 | D:11     | Found Corucs's Distillery.
 10702 | D:11     | Noticed a two-headed ogre
 10716 | D:11     | Killed a two-headed ogre
 10819 | D:11     | Lost mutation: You have a pair of large horns on your head.
                  | [potion of mutation]
 10819 | D:11     | Lost mutation: You sometimes lose your temper in combat.
                  | [potion of mutation]
 10819 | D:11     | Gained mutation: Your flesh is cold resistant. (rC+)
                  | [potion of mutation]
 10819 | D:11     | Gained mutation: Your spells are a little easier to cast,
                  | but a little less powerful. [potion of mutation]
 10819 | D:11     | Gained mutation: You are resistant to electric shocks.
                  | (rElec) [potion of mutation]
 10837 | D:11     | Noticed a green ugly thing
 10846 | D:11     | Killed a green ugly thing
 10955 | D:11     | Found a staircase to the Lair.
 10955 | D:11     | Noticed a death yak
 10955 | D:11     | Noticed a death yak
 10960 | D:11     | Noticed a death yak
 10966 | D:11     | Killed a death yak
 10967 | D:11     | Noticed a death yak
 10967 | D:11     | Noticed a death yak
 10967 | D:11     | Noticed a death yak
 10974 | D:11     | Killed a death yak
 10976 | D:11     | Killed a death yak
 10977 | D:11     | Reached skill level 12 in Fighting
 10980 | D:11     | Killed a death yak
 10983 | D:11     | Killed a death yak
 10987 | D:11     | Killed a death yak
 10988 | D:11     | Reached XP level 12. HP: 43/112 MP: 15/18
 11189 | D:11     | Found Zetogeen's Distillery.
 12152 | D:12     | Reached skill level 10 in Invocations
 12361 | Lair:1   | Entered Level 1 of the Lair of Beasts
 12371 | Lair:1   | Noticed a death yak
 12388 | Lair:1   | Killed a death yak
 13064 | Lair:1   | Reached skill level 13 in Fighting
 13527 | Orc:1    | Entered Level 1 of the Orcish Mines
 13527 | Orc:1    | Noticed an orc warlord
 13640 | D:12     | Noticed a seven-headed hydra
 13646 | D:12     | Killed a seven-headed hydra
 13901 | D:12     | Noticed a boulder beetle
 13938 | D:12     | Noticed an ogre mage
 13953 | D:12     | Killed a boulder beetle
 13958 | D:12     | Killed an ogre mage
 14532 | Lair:2   | Found a sparkling altar of Nemelex Xobeh.
 14553 | Lair:2   | Reached XP level 13. HP: 121/122 MP: 20/20
 14809 | Lair:2   | Identified the +0 quarterstaff of Chagrin {heavy, rF+}
 15153 | Lair:2   | Reached ***** piety under the Shining One
 15186 | Lair:2   | Reached skill level 14 in Fighting
 15468 | Lair:2   | Found a staircase to the Swamp.
 16222 | Lair:3   | Lost mutation: You are resistant to electric shocks.
                  | (rElec) [potion of mutation]
 16222 | Lair:3   | Lost mutation: Your spells are a little easier to cast, but
                  | a little less powerful. [potion of mutation]
 16222 | Lair:3   | Gained mutation: You have sharp toenails. [potion of
                  | mutation]
 16222 | Lair:3   | Gained mutation: You have razor-sharp toenails. [potion of
                  | mutation]
 16222 | Lair:3   | Gained mutation: You expend magic power (3 MP) to
                  | strengthen your wands. [potion of mutation]
 16222 | Lair:3   | Gained mutation: You are robust. (+10% HP) [potion of
                  | mutation]
 16315 | Lair:3   | Found a gate leading to a gauntlet.
 16357 | Gauntlet | Entered a Gauntlet
 16357 | Gauntlet | Found a transporter.
 16357 | Gauntlet | Found a transporter.
 16357 | Gauntlet | Found a transporter.
 16357 | Gauntlet | Found a transporter.
 16381 | Gauntlet | Found a transporter.
 16381 | Gauntlet | Found a transporter.
 16383 | Gauntlet | Found a large runed translucent door.
 16384 | Gauntlet | Found a large runed translucent door.
 16385 | Gauntlet | Found a large runed translucent door.
 16385 | Gauntlet | Found a large runed translucent door.
 16385 | Gauntlet | Found a runed translucent door.
 16385 | Gauntlet | Found a runed translucent door.
 16386 | Gauntlet | Found a large runed translucent door.
 16387 | Gauntlet | Found a large runed translucent door.
 16388 | Gauntlet | Found a large runed translucent door.
 16388 | Gauntlet | Found a large runed translucent door.
 16389 | Gauntlet | Found a runed translucent gate.
 16389 | Gauntlet | Found a runed translucent gate.
 16389 | Gauntlet | Found a runed translucent gate.
 16391 | Gauntlet | Found a transporter.
 16395 | Gauntlet | Found a transporter.
 16405 | Gauntlet | Found a transporter.
 16407 | Gauntlet | Found a transporter.
 16436 | Gauntlet | Found a transporter.
 16438 | Gauntlet | Found a transporter.
 16503 | Gauntlet | Found a large runed translucent door.
 16504 | Gauntlet | Found a large runed translucent door.
 16505 | Gauntlet | Found a large runed translucent door.
 16505 | Gauntlet | Found a large runed translucent door.
 16506 | Gauntlet | Found a large runed translucent door.
 16507 | Gauntlet | Found a large runed translucent door.
 16508 | Gauntlet | Found a large runed translucent door.
 16508 | Gauntlet | Found a large runed translucent door.
 16630 | Gauntlet | Identified the ring of Light {Wiz rC+ Int+2 Dex+3 SInv}
 16886 | Gauntlet | Noticed a minotaur
 16893 | Gauntlet | Killed a minotaur
 16928 | Lair:3   | Acquired a manual of Conjurations
 17018 | Lair:3   | Reached skill level 1 in Conjurations
 17038 | Lair:3   | Found a staircase to the Snake Pit.
 17592 | Lair:3   | Reached skill level 15 in Fighting
 17592 | Lair:3   | Reached XP level 14. HP: 95/148 MP: 19/22
 17757 | Lair:3   | Identified the +3 hand axe "Goblinslayer" {freeze, Str+4
                  | Int+3 Dex-5}
 18511 | Lair:4   | Reached skill level 5 in Dodging
 18920 | Lair:5   | Entered Level 5 of the Lair of Beasts
 19740 | Lair:5   | Reached skill level 5 in Conjurations
 20058 | Lair:5   | Reached skill level 16 in Fighting
 20183 | Lair:5   | Reached ****** piety under the Shining One
 20553 | Lair:5   | Reached XP level 15. HP: 150/159 MP: 22/24
 20763 | Lair:5   | Found a staircase to the Slime Pits.
 20767 | Lair:5   | Found a viscous altar of Jiyva.
 21711 | D:10     | Identified a +2 sacred scourge of holy wrath (a +0 demon
                  | whip of venom blessed by the Shining One)
 21711 | D:10     | Received a gift from the Shining One
 21729 | Orc:2    | Entered Level 2 of the Orcish Mines
 22110 | Orc:2    | Found a flickering gateway to a bazaar.
 22119 | Bazaar   | Entered a bazaar
 22119 | Bazaar   | Found Diongumu's Book Emporium.
 22131 | Bazaar   | Found Laelydix's Distillery.
 22142 | Bazaar   | Found Hibu's General Store.
 22173 | Bazaar   | Found Now Ock's Antique Weapon Boutique.
 22181 | Bazaar   | Found Hujesuor's Antique Armour Boutique.
 22189 | Bazaar   | Bought a smoking cloak for 237 gold pieces
 22189 | Bazaar   | Identified the +1 cloak of the Shining Light {Drain MP+9
                  | Str+4 Slay+2} (You bought it in a shop in a bazaar)
 22189 | Bazaar   | Bought a brightly glowing kite shield for 237 gold pieces
 22189 | Bazaar   | Identified the +0 kite shield of the Maze {rF+} (You bought
                  | it in a shop in a bazaar)
 22200 | Bazaar   | Bought an embroidered hat for 175 gold pieces
 22238 | Bazaar   | Bought a scroll of teleportation for 51 gold pieces
 22238 | Bazaar   | Bought a scroll of teleportation for 51 gold pieces
 22249 | Bazaar   | Bought a potion of haste for 180 gold pieces
 22249 | Bazaar   | Bought 2 potions of heal wounds for 180 gold pieces
 22249 | Bazaar   | Bought a potion of mutation for 144 gold pieces
 22249 | Bazaar   | Bought a potion of attraction for 54 gold pieces
 22249 | Bazaar   | Bought a potion of degeneration for 18 gold pieces
 22250 | Bazaar   | Bought a potion of attraction for 54 gold pieces
 22451 | Orc:2    | Reached skill level 1 in Shields
 22510 | Orc:2    | Found Surep's Jewellery Boutique.
 22510 | Orc:2    | Found Syussy's Armour Emporium.
 22732 | Orc:2    | Found a staircase to the Elven Halls.
 22800 | Orc:2    | Found Ujynoscha's Weapon Emporium.
 22893 | Orc:2    | Found Inuhihov's Weapon Boutique.
 22910 | Orc:2    | Bought 2 throwing nets for 60 gold pieces
 23447 | D:13     | Reached skill level 17 in Fighting
 23691 | D:13     | Found Vamupad's Demolitions Depot.
 24428 | D:14     | Found a gate to the Vaults.
 24448 | D:14     | Reached skill level 5 in Shields
 25153 | D:15     | Entered Level 15 of the Dungeon
 25482 | D:14     | Reached XP level 16. HP: 67/171 MP: 25/25
 25867 | D:15     | Found Omeiraheurch's Armour Shop.
 26484 | D:15     | Found a staircase to the Depths.
 26915 | Swamp:1  | Entered Level 1 of the Swamp
 27000 | Swamp:1  | Noticed Donald
 27015 | Swamp:1  | Killed Donald
 27016 | Swamp:1  | Reached skill level 18 in Fighting
 27034 | Swamp:1  | Reached skill level 10 in Conjurations
 27044 | Swamp:1  | Identified the +1 ring mail of Piziumoo {SInv Stlth+}
 27054 | Swamp:1  | Reached skill level 15 in Invocations
 27073 | Swamp:1  | HP: 5/172 [spore (34)]
 27953 | Swamp:2  | Identified the +1 whip "Impslayer" {vamp, Stlth+}
 29964 | Swamp:4  | Entered Level 4 of the Swamp
 30239 | Swamp:4  | Reached skill level 19 in Fighting
 30299 | Swamp:4  | Reached XP level 17. HP: 151/184 MP: 27/27
 30315 | Swamp:4  | Reached skill level 10 in Shields
 30318 | Swamp:4  | Learned a level 2 spell: Lesser Beckoning
 30610 | Swamp:4  | Noticed Aizul
 30623 | Swamp:4  | Killed Aizul
 31091 | Swamp:4  | Got a decaying rune of Zot
 31220 | Swamp:4  | Paralysed by an orc sorcerer for 3 turns
 31468 | Snake:1  | Entered Level 1 of the Snake Pit
 31481 | Snake:1  | Acquired the ring "Vuafyith" {*Corrode rElec Str+3 Slay+4}
 32809 | Snake:2  | Noticed Jorgrun
 32821 | Snake:2  | Killed Jorgrun
 32876 | Snake:2  | Found a frozen archway.
 32885 | IceCv    | Entered an ice cave
 33047 | IceCv    | Reached skill level 15 in Shields
 33525 | Snake:2  | Noticed Frances
 33536 | Snake:2  | Killed Frances
 33543 | Snake:2  | Noticed Agnes
 33553 | Snake:2  | Killed Agnes
 33785 | Snake:2  | Found Jaenniph's Antique Weapon Shoppe.
 33788 | Snake:2  | Found Mirobi's General Store.
 33788 | Snake:2  | Found Paratamama's Armour Shoppe.
 33791 | Snake:2  | Found Hirrerch's General Store.
 33805 | Snake:2  | Bought an encrusted great mace for 460 gold pieces
 33805 | Snake:2  | Identified the +1 great mace of Kaagibb {freeze, rPois}
                  | (You bought it in a shop on level 2 of the Snake Pit)
 33812 | Snake:2  | Noticed Louise
 33834 | Snake:2  | Killed Louise
 33853 | Snake:2  | Reached XP level 18. HP: 136/193 MP: 29/29
 35038 | Snake:3  | Noticed Saint Roka
 35068 | Snake:3  | Killed Saint Roka
 35210 | Snake:3  | Found a transporter.
 35210 | Snake:3  | Found a transporter.
 35225 | Snake:3  | Noticed Elinuc's ghost (adept DEHW)
 35226 | Snake:3  | Found a bloodstained altar of Trog.
 35287 | Snake:3  | Killed Elinuc's ghost
 35811 | Snake:4  | Entered Level 4 of the Snake Pit
 36019 | Snake:4  | Reached skill level 20 in Fighting
 36065 | Snake:4  | Reached skill level 10 in Dodging
 36086 | Snake:4  | Reached skill level 15 in Armour
 36527 | Snake:4  | Got a serpentine rune of Zot
 36597 | Snake:4  | Found Gaixople's Weapon Shoppe.
 36688 | Snake:4  | Found Ylateavi's Book Shoppe.
 36691 | Snake:4  | Found Xiklirir's Jewellery Boutique.
 36693 | Snake:4  | Found Eleo's Book Shoppe.
 36701 | Snake:4  | Bought the ring of Xom's Full Attention {rN++ rCorr Str-2
                  | Int+5} for 876 gold pieces
 37164 | Elf:1    | Entered Level 1 of the Elven Halls
 37312 | Elf:1    | Paralysed by an air elemental for 1 turns
 37338 | Elf:1    | Paralysed by an air elemental for 1 turns
 37343 | Elf:1    | Paralysed by an air elemental for 1 turns
 37347 | Elf:1    | Paralysed by an air elemental for 1 turns
 37536 | Elf:3    | Entered Level 3 of the Elven Halls
 37564 | Elf:3    | Identified the +5 scale mail of the Gloaming {rN+ MP+9}
 37571 | Elf:3    | Identified the +6 hand axe "Vytek" {heavy, rN+}
 37603 | Elf:3    | Noticed Roxanne
 37635 | Elf:3    | Killed Roxanne
 37790 | Elf:3    | Paralysed by an air elemental for 1 turns
 37916 | Elf:3    | Found Beggafiu's Book Boutique.
 38390 | Elf:1    | Reached XP level 19. HP: 131/205 MP: 30/30
 38401 | Elf:1    | Found Muvanefe's Weapon Shoppe.
 38991 | Elf:1    | Got More Witchcraft
 39709 | Elf:2    | Found a runed translucent gate.
 39710 | Elf:2    | Found a runed translucent gate.
 39710 | Elf:2    | Found a runed translucent gate.
 39770 | Elf:2    | Found Okohit's Magic Scroll Emporium.
 40168 | Elf:2    | Paralysed by an air elemental for 1 turns
 40372 | Elf:3    | Reached skill level 21 in Fighting
 40645 | Vaults:1 | Entered Level 1 of the Vaults
 42309 | Vaults:2 | Paralysed by a great orb of eyes for 3 turns
 42361 | Vaults:2 | Found a magical portal.
 42391 | WizLab   | Entered The Hall of the Hellbinder
 42544 | WizLab   | Got the Vellum of Allies
 42583 | WizLab   | Found a burning altar of Makhleb.
 42618 | WizLab   | Got the Volume of Adjuration
 42639 | WizLab   | Identified the ring of Mecupsy {Fire rElec rPois Dex-2
                  | Stlth+}
 42639 | WizLab   | Noticed Teasku
 42649 | WizLab   | Killed Teasku the Hellbinder
 42970 | Vaults:2 | Reached XP level 20. HP: 202/217 MP: 32/32
 43211 | Vaults:2 | Identified the +14 plate armour "Wewnemmua" {-Tele Will+
                  | Str-2 Dex+7}
 43740 | Abyss:3  | Cast into level 3 of the Abyss (a wizard)
 43781 | Abyss:3  | Learned a level 2 spell: Passwall
 43859 | Abyss:4  | Found a corrupted altar of Lugonu.
 43902 | Abyss:4  | Found a corrupted altar of Lugonu.
 43980 | Abyss:4  | Paralysed by you for 3 turns
 43983 | Abyss:4  | Noticed a profane servitor
 43991 | Abyss:4  | Noticed a dread lich
 44007 | Abyss:4  | Reached skill level 22 in Fighting
 44008 | Abyss:4  | Paralysed by a dread lich for 4 turns
 44011 | Abyss:4  | Mangled by a reaper

Illustrated notes

Levels and vault maps discovered:
D:1:      heliophobic_arrival_dark_side_of_the_moon, layout_loops_ring,
          ebering_ecumenical_altar_webs
D:2:      minmay_general_purpose_star, layout_basic, basic_altar
D:3:      layout_basic
D:4:      nicolae_cairo_tiling_large, layout_gridville
D:5:      layout_loops_corners, serial_bayou, serial_bayou_crossing,
          serial_bayou_shore_a, serial_bayou_lagoon_b, serial_bayou_pond_a,
          serial_bayou_pond_d, serial_bayou_pond_e, nicolae_titane, uniq_ijyb
D:6:      layout_loops_corners, minmay_temple_entry_butterflies, serial_demonic,
          serial_demonic_c, serial_demonic_b, serial_demonic_f,
          serial_demonic_b, nicolae_wooded_promenade, uniq_edmund, uniq_grinder,
          uniq_maggie, uniq_menkaure
D:7:      layout_basic, serial_co_window_serial, co_window_paths_b,
          co_window_cross_1, co_window_paths_a, co_window_corner_a,
          co_window_paths_b, co_window_paths_c, co_window_broadway_c,
          co_window_cross_4, co_window_broadway_c, co_window_broadway_b,
          co_window_corner_cb, co_window_4corner_b, glass_columns_b,
          glass_columns_a, glass_columns_b
D:8:      layout_gridville
D:9:      layout_small_grid, corexii_leaking_fountain, skrybe_limestone_x
D:10:     layout_cave_pools, grunt_temple_overflow_open, enter_bailey_3,
          uniq_amaemon
D:11:     layout_loops_ring, dpeg_lair_monsters, serial_shops,
          nicolae_shop_industrial_runoff, nicolae_shop_window_shopping,
          nicolae_shop_rolling_square, shop
D:12:     minmay_triangles_in_corner, layout_long_grid
D:13:     layout_small_grid, hangedman_decor_opposing, nicolae_blasting_shop
D:14:     layout_roguey, skrybe_vaults_entry_preservation,
          hangedman_abyss_or_decor_stagger
D:15:     grunt_enter_depths_hoard, layout_cave_pools, serial_shops,
          shop_statue, dk_noncrumbling_3, lemuel_flame_loot_1
Temple:   nicolae_temple_bog_church
Lair:1:   layout_regular_city, ldierk_geyser, lemuel_fruit_tree,
          grunt_megastairs_5
Lair:2:   layout_regular_city, nicolae_swamp_entry_splash_gauntlet, basic_altar,
          pdpol_lair_cavern_descent
Lair:3:   layout_hall_layers, dummy_snake_entry, gauntlet_entry_generic,
          grunt_megastairs_3, serial_bayou_shore_b
Lair:4:   layout_regular_city, kennysheep_catoblepas_arena
Lair:5:   due_jungle_book, layout_regular_city, nicolae_slime_entry_field_trip,
          grunt_megastairs_4, infiniplex_staircase_pool, serial_bayou_shore_b
Swamp:1:  layout_falls_marsh, hangedman_swamp_ruin_wall, swamp_pool1,
          uniq_donald
Swamp:2:  layout_falls_marsh, nicolae_swamp_decorative_isthmus, swamp_pool1,
          grunt_hermit_hut
Swamp:3:  layout_basic_swamp, evilmike_swamp_ruin_house_6, swamp_pool1,
          cheibrodos_swamp_pet_leeches
Swamp:4:  nzn_swamp_witches_coven, layout_basic_swamp, uniq_aizul
Snake:1:  layout_layer_cave, grunt_megastairs_2
Snake:2:  layout_layer_cave, portal_ice_cave_entry_pillars_four,
          minmay_shoptagon, uniq_jorgrun, uniq_louise, uniq_agnes, uniq_frances
Snake:3:  layout_rooms, gammafunk_ghost_wrathful_warriors, uniq_saint_roka
Snake:4:  minmay_snake_end_coiled, layout_layer_cave, serial_shops, shop,
          minmay_shop_grove
Orc:1:    layout_caves
Orc:2:    st_orc_town, layout_diamond_mine, serial_shops, bzr_firewalk
Elf:1:    eino_elf_arrival_sip, layout_rooms, serial_shops,
          nicolae_shop_crystal, hangedman_elf_disciples
Elf:2:    nicolae_elf_blades_crystal_corner, layout_gridlike, serial_shops,
          nicolae_lakefront_shop
Elf:3:    minmay_elf_hall_quartered_circle, layout_loops_cross, serial_shops,
          shop, uniq_roxanne
Vaults:1: nicolae_vaults_offset_grid_hallway_4, vaults_mumra_hexcomb,
          nicolae_vaults_sesquioval_fish, nicolae_vaults_closet_pinwheel_6,
          nicolae_vaults_house_1, vaults_room_semicircle,
          ontoclasm_vaults_gateway, layout_vaults_quadrants
Vaults:2: infiniplex_enter_wizlab_water, vaults_standard_mumra_x, st_octagons_1,
          nicolae_vaults_little_squares_3, v_misc_15,
          nicolae_vaults_network_barrier, v_misc_14, grunt_vaults_hallway_long,
          vaults_room_pool, v_misc_10, vaults_room_door_hall,
          nicolae_vaults_storage_closets_2, grunt_vaults_funnel,
          layout_vaults_maze_snakey, serial_shops, shop
Abyss:4:  base: D:3, hangedman_abyss_sting, grunt_abyss_rune_wretched_hive,
          evilmike_abyss_exit_13, hangedman_stitches_earthworm,
          due_evilmike_abyss_rune_seething_liches,
          due_evilmike_abyss_rune_seething_liches,
          hangedman_classic_abyss_death, minivault_27

Skill      XL: |  1  2  3  4  5  6  7  8  9 10 11 12 13 14 15 16 17 18 19 20 |
---------------+-------------------------------------------------------------+-----
Fighting       | 2 3 4 5 6 7 9 10 12 13 15 16 17 19 20 21 22 | 22.0
Axes           | 1 |  1.1
Armour         | 1 2 4 5 6 8 9 11 13 14 15 17 | 17.7
Maces & Flails | 1 2 3 4 6 8 9 11 13 14 | 14.2
Invocations    | 1 2 3 4 5 6 8 9 11 12 13 14 15 16 17 18 | 18.5
Dodging        | 4 7 8 11 12 13 | 13.5
Conjurations   | 2 6 9 10 | 10.1
Shields        | 5 9 16 | 16.0
Stealth        | |  1.5
Spellcasting   | |  2.1
Summonings     | |  0.6
Translocations | |  0.6

Action                     |  1- 3 |  4- 6 |  7- 9 | 10-12 | 13-15 | 16-18 | 19-21 || total
---------------------------+-------+-------+-------+-------+-------+-------+-------++-------
  Melee: Dagger            |    82 |       |       |       |       |       |       ||    82
         Headbutt          |    23 |    15 |    42 |    90 |   260 |   393 |   206 ||  1029
         Hand axe          |    27 |       |       |       |       |       |       ||    27
         Morningstar       |     7 |    80 |    77 |       |       |       |       ||   164
         Punch             |       |     1 |     1 |       |     5 |     5 |       ||    12
         Dire flail        |       |       |    86 |   304 |   542 |       |       ||   932
         Kick              |       |       |       |       |   375 |   534 |       ||   909
         Sacred scourge    |       |       |       |       |   327 |  1205 |   604 ||  2136
  Throw: Javelin           |       |     5 |       |       |       |       |       ||     5
         Dart              |       |       |       |     2 |     2 |       |       ||     4
   Cast: Magic Dart        |     2 |       |       |       |       |       |       ||     2
         Passwall          |       |       |       |       |       |       |     2 ||     2
 Invoke: Divine Shield     |       |       |     1 |     6 |     9 |     6 |     1 ||    23
         Cleansing Flame   |       |       |       |       |    12 |    33 |    36 ||    81
         Brand Weapon With |       |       |       |       |     1 |       |       ||     1
  Evoke: Wand              |       |       |     7 |    12 |     1 |     2 |     2 ||    24
    Use: Potion            |     4 |     2 |       |    10 |     5 |    16 |     8 ||    45
         Scroll            |     4 |     4 |     7 |     7 |    10 |    19 |     2 ||    53
   Stab: Sleeping          |     2 |       |       |       |       |       |       ||     2
 Armour: Robe              |    15 |       |       |       |       |       |       ||    15
         Chain mail        |    19 |    63 |    22 |       |       |       |       ||   104
         Swamp dragon scal |       |       |    21 |    67 |   254 |   233 |   109 ||   684
  Dodge: Dodged            |    75 |    41 |   124 |   261 |   631 |   370 |   121 ||  1623
  Block: Other             |       |       |     2 |   100 |   261 |    81 |       ||   444
         Reflection        |       |       |       |     3 |    14 |    67 |    25 ||   109
         Kite shield       |       |       |       |       |       |   456 |   343 ||   799
